 Dungeon Crawl Stone Soup version 0.31.0-12-g77e489cdc1 (webtiles) character file.

Game seed: 7059201240782156590

247 Anriel the Trooper (level 6, 0/50 HPs)
             Began as a Human Fighter on Feb 27, 2024.
             Slain by Grinder (5 damage)
             ... on level 3 of the Dungeon.
             The game lasted 00:09:35 (2268 turns).

Anriel the Trooper (Human Fighter)                  Turns: 2268, Time: 00:09:36

Health: 0/50       AC: 10    Str: 16    XL:     6   Next: 11%
Magic:  6/6        EV:  7    Int:  8    God:
Gold:   201        SH:  5    Dex: 15    Spells: 5/5 levels left

rFire   . . .        a - +0 long sword
rCold   . . .        c - +0 buckler
rNeg    . . .        f - +0 chain mail
rPois   .            l - +0 helmet
rElec   .            (no cloak)
rCorr   .            (no gloves)
SInv    .            (no boots)
Will    .....        (no amulet) Stlth
                     (no ring)
HPRegen 0.28/turn    (no ring)
MPRegen 0.10/turn

%: no passive effects
@: on berserk cooldown, slowed, very slow
A: explore regen
a: no special abilities


You were on level 3 of the Dungeon.
You visited 1 branch of the dungeon, and saw 4 of its levels.

You collected 201 gold pieces.

Inventory:

Hand Weapons
 a - a +0 long sword (weapon)
Armour
 c - a +0 buckler (worn)
 f - a +0 chain mail (worn)
 l - a +0 helmet (worn)
Scrolls
 d - 2 scrolls of teleportation
Potions
 e - a potion of magic
 g - a potion of brilliance
 j - a potion of heal wounds {unknown}


   Skills:
 * Level 4.8 Fighting
 * Level 4.1 Long Blades
 + Level 4.0 Armour
 - Level 3.0 Shields


You had 5 spell levels left.
You didn't know any spells.
Your spell library contained the following spells:

 Spells                   Type           Power      Damage    Failure   Level
 Magic Dart               Conj           0%         1d3       100%        1
 Blink                    Tloc           0%         N/A       100%        2
 Lesser Beckoning         Tloc           0%         N/A       100%        2
 Momentum Strike          Conj/Tloc      0%         3d8       100%        2
 Searing Ray              Conj           0%         2d4       100%        2
 Fulminant Prism          Conj/Alch      0%         3d5       100%        4


Dungeon Overview and Level Annotations

Branches:
Dungeon (4/15)
 Temple: D:4-7

Altars:

Annotations:
D:3 Grinder


Innate Abilities, Weirdness & Mutations

You regain HP and MP as you explore.


Message History

You closely miss Grinder.
Grinder is heavily wounded.
Grinder hits you but does no damage. Grinder barely misses you.
You barely miss Grinder.
Grinder is heavily wounded.
Grinder says, "At least Makhleb appreciates what I'm doing."
You block Grinder's attack.
You barely miss Grinder.
Grinder is heavily wounded.
Grinder blinks!
You hit Grinder but do no damage.
Grinder is heavily wounded.
Grinder barely misses you.
You hit Grinder.
Grinder is severely wounded.
Grinder gestures at you. Pain shoots through your body!
* * * LOW HITPOINT WARNING * * *
You barely miss Grinder.
Grinder is severely wounded.
Grinder hits you but does no damage.
Grinder blinks!
Grinder hits something!
It was a potion of berserk rage.
A red film seems to cover your vision as you go berserk!
You feel yourself moving faster!
You feel mighty!
You feel a strong urge to attack something.
You feel your anger nearly subside.
You barely miss Grinder.
Grinder is severely wounded.
Grinder hits you.
You writhe in agony.
* * * LOW HITPOINT WARNING * * *
You slash Grinder!
Grinder is almost dead.
You are no longer berserk.
You are exhausted.
You feel yourself slow down. Grinder hits you!
* * * LOW HITPOINT WARNING * * *
You writhe in agony.
You die...
Grinder says, "Hey, I wasn't done torturing you yet!"

.#.###...P~P~~≈♣♣~P~P~P..........
.......###P.P~~♣≈♣♣~~~~..........
##.##### ##...~~P~~~♣~~P.....<..#
#.# #...#~.PPP.P.......##..
#.########...##.............##..
#.#.........###.##.......#..##..
#.#.######### #.##.......#......
##.#)# #5##..........##.. ...#†#
#@#####.########.. ####.#
###.#####.# #.. #.# #.........#
### ####.#########.####.####
#......................#
#.##.#.#######.####.##.#
#.##.........#.####.##.#####
#.####.#####.#.............#
#.####.##.......###..#.##..#


You could see Grinder.

Vanquished Creatures
  An ice beast (D:3)
  An orc priest (D:3)
  Terence (D:2)
  3 adders (D:2)
  4 dart slugs
  A ribbon worm (D:2)
  8 orcs (D:3)
  4 bats (D:3)
  3 endoplasms
  3 giant cockroaches
  5 hobgoblins
  2 jackals (D:2)
  A quokka (D:1)
  2 ball pythons
  4 frilled lizards (D:3)
  6 goblins
  2 kobolds
  4 rats
55 creatures vanquished.

Notes
Turn   | Place    | Note
-------+----------+-------------------------------------------
     0 | D:1      | Anriel the Human Fighter began the quest for the Orb.
     0 | D:1      | Reached XP level 1. HP: 18/18 MP: 1/1
   267 | D:1      | Reached XP level 2. HP: 24/24 MP: 2/2
   670 | D:2      | Noticed Terence
   685 | D:2      | Killed Terence
   686 | D:2      | Reached XP level 3. HP: 18/30 MP: 3/3
   709 | D:2      | Reached XP level 4. HP: 37/37 MP: 4/4
  1314 | D:3      | Noticed an ice beast
  1336 | D:3      | Killed an ice beast
  1337 | D:3      | Reached XP level 5. HP: 43/43 MP: 5/5
  1448 | D:3      | Reached XP level 6. HP: 49/49 MP: 6/6
  2023 | D:4      | Noticed Grinder
  2027 | D:4      | Paralysed by Grinder for 3 turns
  2268 | D:3      | Slain by Grinder

Illustrated notes

Levels and vault maps discovered:
D:1:      noname_arrival_rooms_in_the_neighbourhood, layout_basic
D:2:      layout_basic, uniq_terence
D:3:      layout_loops_cross, serial_bayou, serial_bayou_lagoon_a,
          serial_bayou_pond_b, serial_bayou_pond_a, serial_bayou_shore_b
D:4:      layout_rooms, mainiacjoe_overflow_24_doors, marbit_many_paths,
          minmay_temple_entry_poolview, uniq_crazy_yiuf_cottage, uniq_grinder

Skill      XL: |  1  2  3  4  5  6 |
---------------+-------------------+-----
Long Blades    | 3 4 |  4.1
Fighting       | 4 |  4.8
Armour         | 4 |  4.0
Shields        | |  3.0

Action                     |  1- 3 |  4- 6 || total
---------------------------+-------+-------++-------
  Melee: Long sword        |    53 |   146 ||   199
  Throw: Boomerang         |       |    14 ||    14
    Use: Scroll            |     3 |     4 ||     7
         Potion            |     1 |     2 ||     3
 Armour: Scale mail        |    21 |       ||    21
         Chain mail        |    14 |   121 ||   135
  Dodge: Dodged            |    20 |    38 ||    58
  Block: Buckler           |    16 |    37 ||    53
